 Dungeon Crawl Stone Soup version 0.29.1-1-gd02db6906a (webtiles) character file.

Game seed: 12141040314044883253

5390 LustLizard the Covert (level 10, -1/51 HPs)
             Began as a Spriggan Arcane Marksman on Sept 26, 2022.
             Was a Believer of Dithmenos.
             Shot with an arrow by a spriggan (16 damage)
             ... in a bailey.
             The game lasted 00:22:34 (12857 turns).

LustLizard the Covert (Spriggan Arcane Marksman)   Turns: 12857, Time: 00:22:34

Health: -1/51      AC:  3    Str:  6    XL:     10   Next: 39%
Magic:  13/13      EV: 22    Int: 15    God:    Dithmenos [**....]
Gold:   415        SH:  0    Dex: 20    Spells: 7/11 levels left

rFire   . . .      SeeInvis +   H - +0 shortbow (vorpal)
rCold   + . .      Faith    .   (shield currently unavailable)
rNeg    . . .      Spirit   .   c - +0 robe
rPois   .          Reflect  .   (helmet restricted)
rElec   .          Harm     .   e - +0 cloak
rCorr   .          Rampage  .   (gloves unavailable)
Will    +....                   (boots unavailable)
Stlth   ++++++++..              (no amulet)
HPRegen 0.17/turn               g - ring of protection from cold
MPRegen 0.13/turn               w - +4 ring of evasion

@: wreathed by umbra, invisible, very quick
A: very small, no large weapons, unfitting armour, see invisible, speed 3
a: Renounce Religion, Shadow Step


You were in a bailey.
You worshipped Dithmenos.
Dithmenos was pleased with you.
You visited 2 branches of the dungeon, and saw 9 of its levels.
You also visited: Ossuary and Bailey.

You collected 415 gold pieces.

Inventory:

Hand Weapons
 a - a +2 sling
 H - a +0 vorpal shortbow (weapon)
Missiles
 t - 2 throwing nets
Armour
 c - a +0 robe (worn)
 e - a +0 cloak (worn)
Jewellery
 g - a ring of protection from cold (left hand)
 n - a ring of protection from fire
 w - a +4 ring of evasion (right hand)
 x - a +6 ring of dexterity
 I - an amulet of guardian spirit
Wands
 m - a wand of iceblast (10)
 C - a wand of paralysis (3)
Scrolls
 b - 2 scrolls of poison
 h - a scroll of torment
 i - 4 scrolls of enchant weapon
 j - a scroll of noise {unknown}
 k - a scroll of brand weapon
 l - a scroll of teleportation
 y - 2 scrolls of magic mapping {unknown}
 z - a scroll of butterflies {unknown}
 A - a scroll of immolation {unknown}
 B - a scroll of blinking {unknown}
 F - a scroll of enchant armour {unknown}
 G - a scroll of amnesia {unknown}
Potions
 d - 3 potions of attraction
 f - 4 potions of curing
 o - 6 potions of flight
 p - a potion of heal wounds
 q - a potion of cancellation
 r - a potion of invisibility
 s - 2 potions of mutation
 u - 2 potions of degeneration
 v - 6 potions of haste
 E - a potion of ambrosia


   Skills:
 + Level 5.5 Fighting
 * Level 9.8 Ranged Weapons
 - Level 2.6 Dodging
 * Level 14.4 Stealth
 - Level 1.3 Spellcasting
 - Level 4.0 Hexes
 * Level 3.6 Translocations
 * Level 3.2 Evocations


You had 7 spell levels left.
You knew the following spells:

 Your Spells              Type           Power      Damage    Failure   Level
a - Slow                  Hex            52%        N/A       4%          1
b - Portal Projectile     Hex/Tloc       24%        N/A       16%         3

Your spell library contained the following spells:

 Spells                   Type           Power      Damage    Failure   Level
 Apportation              Tloc           22%        N/A       5%          1
 Necrotise                Necr           4%         1d4       24%         1
 Summon Small Mammal      Summ           4%         N/A       24%         1
 Inner Flame              Hex/Fire       7%         N/A       30%         3
 Cause Fear               Hex            6%         N/A       41%         4
 Summon Ice Beast         Ice/Summ       1%         N/A       93%         4
 Summon Mana Viper        Hex/Summ       7%         N/A       96%         5
 Summon Forest            Summ/Tloc      3%         N/A       97%         5
 Eringya's Noxious Bog    Tmut/Pois      0%         N/A       100%        6
 Monstrous Menagerie      Summ           0%         N/A       100%        7
 Summon Hydra             Summ           0%         N/A       100%        7


Dungeon Overview and Level Annotations

Branches:
Dungeon (8/15)             Temple (1/1) D:5         Ossuary (visited)
 Bailey (1/1)
   Lair: D:8-11

Altars:
Ashenzari
Dithmenos
Fedhas
Gozag
Makhleb
Nemelex Xobeh
Ru
Vehumet
Yredelemnul
Zin
The Shining One

Annotations:
D:6 2 transporters, Icepheonix32's ghost, novice TeAE
D:7 Maggie


Innate Abilities, Weirdness & Mutations

You are very small and have problems with some larger weapons.
You are too small for most types of armour.
You have supernaturally acute eyesight. (SInv)
You cover ground extremely quickly. (Speed+++)


Message History

Okay, then.
You start resting.
Magic restored.
You start resting.
HP restored.
There is a gate leading back out of this place, spattered with blood here.
You see here a +0 glaive.
Things that are here:
a +0 glaive; a +0 halberd You enter the shallow water.
Moving in this stuff is going to be slow.
You enter the shallow water.
Moving in this stuff is going to be slow.
You shoot an arrow. The arrow misses the spriggan.
The spriggan shouts!
The spriggan shoots an arrow.
The arrow barely misses you.
You shoot an arrow. The steam dragon hisses angrily.
The arrow hits the spriggan but does no damage.
The spriggan drinks a potion.
The spriggan seems to speed up.
The spriggan shoots an arrow.
The arrow misses you.
You enter the shallow water.
Moving in this stuff is going to be slow.
The spriggan shoots an arrow.
The arrow completely misses you.
The spriggan shoots an arrow.
The arrow hits you. The arrow burns you.
The spriggan shoots an arrow.
The arrow barely misses you.
The spriggan shoots an arrow.
The arrow hits you. The arrow burns you.
Casting: Slow (safe; 4% risk of failure)
Confirm with . or Enter, or press ? or * to list all spells.
Okay, then.
You fade into invisibility!
The spriggan shoots an arrow.
The arrow closely misses you.
Fire: H) +0 shortbow (vorpal)
Press: ? - help, Q - select action, (/) - cycle Shift-Dir - straight line, f/p - spriggan
Aim: a spriggan, wielding a +1 shortbow of flaming and wearing +2 swamp dragon scales (fast, 48% to hit)
You shoot an arrow. The arrow closely misses the spriggan.
The spriggan shoots an arrow.
The arrow hits you!! The arrow burns you.
* * * LOW HITPOINT WARNING * * *
The spriggan shoots an arrow.
The arrow hits you!
You die...

#########
##.......##
##......i..##
##....~~~....##
##..####~♣♣♣#..##
##..##.......#♣@.##
#..##.i♣♣♣♣♣..#♣..#
#..♣..♣♣ ♣♣..#..#
#..#.. ..#..#
#..♣.. O.#..#
#..#i. ..♣..#
#..♣.D ..♣..#
#..##. i#♣..#
##..## ♣#..##


You could see a spriggan (fast).

Vanquished Creatures
  2 two-headed ogres
  Grinder (D:5)
  2 spriggans (Bailey)
  Menkaure (D:6)
  4 sky beasts
  2 black bears
  8 ogres
  A centaur (D:7)
  2 phantoms
  2 kobold brigands (D:6)
  3 necrophages
  A bullfrog (D:7)
  6 scorpions
  A water moccasin zombie (Ossuary)
  4 wights (D:7)
  2 howler monkeys (D:7)
  2 jellies
  A gnoll bouda (D:7)
  6 hounds
  5 orc priests
  5 iguanas
  6 orc wizards
  2 mummies (Ossuary)
  5 adders
  14 gnolls
  3 shadow imps
  3 white imps
  An ufetubus (D:4)
  7 adder zombies (Ossuary)
  A dart slug (D:4)
  15 orcs
  4 endoplasms
  2 giant cockroaches
  9 gnoll zombies (Ossuary)
  7 goblins
  8 hobgoblins
  A jackal (D:3)
  15 kobolds
  3 quokkas
  7 ball pythons
  6 bats
  6 frilled lizards
  A goblin skeleton (D:5)
  2 goblin zombies (D:5)
  6 hobgoblin zombies
  A kobold skeleton (D:5)
  9 kobold zombies (Ossuary)
  2 orc skeletons (D:5)
  5 orc zombies
  A quokka zombie (D:5)
  5 rats
218 creatures vanquished.

Vanquished Creatures (others)
  6 fungi (D:5)
6 creatures vanquished.

Grand Total: 224 creatures vanquished

Notes
Turn   | Place    | Note
-------+----------+-------------------------------------------
     0 | D:1      | LustLizard the Spriggan Arcane Marksman began the quest for
                  | the Orb.
     0 | D:1      | Reached XP level 1. HP: 9/9 MP: 3/3
    62 | D:1      | Reached skill level 1 in Stealth
   142 | D:1      | Reached XP level 2. HP: 14/14 MP: 5/5
   160 | D:1      | Reached skill level 1 in Fighting
   273 | D:1      | Found a faded altar of an unknown god.
   632 | D:1      | Reached skill level 2 in Stealth
   944 | D:2      | Reached XP level 3. HP: 17/18 MP: 6/6
  1905 | D:3      | Reached skill level 3 in Stealth
  1956 | D:3      | Reached XP level 4. HP: 13/22 MP: 7/7
  2278 | D:3      | Reached skill level 4 in Stealth
  2472 | D:3      | Reached XP level 5. HP: 3/26 MP: 5/8
  3037 | D:3      | Reached skill level 5 in Stealth
  3516 | D:4      | Found a sparkling altar of Nemelex Xobeh.
  3520 | D:4      | Noticed an ogre
  3596 | D:4      | Killed an ogre
  3597 | D:4      | Reached skill level 6 in Stealth
  3597 | D:4      | Reached XP level 6. HP: 30/30 MP: 9/9
  4113 | D:4      | Reached skill level 5 in Ranged Weapons
  4113 | D:4      | Reached skill level 7 in Stealth
  4113 | D:4      | Reached XP level 7. HP: 35/35 MP: 10/10
  4413 | D:5      | Entered Level 5 of the Dungeon
  4518 | D:5      | Reached skill level 8 in Stealth
  4702 | D:5      | Found a staircase to the Ecumenical Temple.
  4880 | D:5      | Found a sand-covered staircase.
  4887 | Ossuary  | Entered an ossuary
  5142 | Ossuary  | Reached XP level 8. HP: 39/40 MP: 11/11
  5197 | Ossuary  | Reached skill level 9 in Stealth
  5657 | Temple   | Entered the Ecumenical Temple
  5703 | Temple   | Became a worshipper of Dithmenos the Shadowed
  6106 | D:5      | Reached skill level 10 in Stealth
  6188 | D:5      | Found a glowing golden altar of the Shining One.
  6494 | D:5      | Reached * piety under Dithmenos
  6788 | D:6      | Noticed a two-headed ogre
  7368 | D:6      | Found a sacrificial altar of Ru.
  7385 | D:6      | Noticed Icepheonix32's ghost (novice TeAE)
  7385 | D:6      | Noticed a queen bee
  7443 | D:5      | Reached skill level 11 in Stealth
  7488 | D:6      | Noticed Grinder
  7551 | D:5      | Killed Grinder
  7552 | D:5      | Reached XP level 9. HP: 24/45 MP: 12/12
  7836 | D:6      | Killed a two-headed ogre
  7837 | D:6      | Reached skill level 12 in Stealth
  7895 | D:6      | Noticed Menkaure
  8176 | D:6      | Killed Menkaure
  8754 | D:6      | Found a transporter.
  8757 | D:6      | Found a transporter.
  8966 | D:7      | Noticed Maggie
  9000 | D:6      | Reached ** piety under Dithmenos
  9001 | D:6      | Reached skill level 13 in Stealth
  9055 | D:7      | Found a blossoming altar of Fedhas.
  9284 | D:7      | Reached skill level 5 in Fighting
  9743 | D:7      | Found a radiant altar of Vehumet.
  9749 | D:7      | Found an opulent altar of Gozag.
  9754 | D:7      | Found a broken altar of Ashenzari.
 11719 | D:7      | Reached XP level 10. HP: 51/51 MP: 13/13
 11902 | D:7      | Learned a level 3 spell: Portal Projectile
 12074 | D:8      | Found a flagged portal.
 12087 | Bailey   | Entered a bailey
 12243 | Bailey   | Reached skill level 1 in Translocations
 12243 | Bailey   | Reached skill level 1 in Evocations
 12260 | Bailey   | Reached skill level 14 in Stealth
 12488 | Bailey   | Noticed a two-headed ogre
 12658 | Bailey   | Killed a two-headed ogre
 12857 | Bailey   | Shot with an arrow by a spriggan

Illustrated notes

Levels and vault maps discovered:
D:1:      evilmike_arrival_hilbert_curve, layout_basic,
          hellmonk_ecumenical_altar_heavens_door, hex_tiny,
          minmay_misc_feat_enclosed
D:2:      layout_loops_cross
D:3:      layout_loops_ring, st_stairs_9
D:4:      layout_cave_pools, mainiacjoe_overflow_catwalk, minmay_misc_feat_x
D:5:      layout_basic, nicolae_tso_besieged_by_evil, minmay_temple_entry_mist,
          enter_ossuary_4, serial_aquarium, aquarium_bridge_long_separate
          [aquarium_subvault_balcony, aquarium_subvault_bridge,
          aquarium_subvault_bridge, aquarium_subvault_wall,
          aquarium_subvault_wall, aquarium_subvault_bridge], aquarium_window_1,
          aquarium_window_3, aquarium_window_1, aquarium_view_2a,
          aquarium_view_2f, aquarium_balcony_1a
D:6:      layout_rooms, nicolae_ru_sacrificial_ziggurat, gammafunk_ghost_hive,
          uniq_grinder, uniq_menkaure
D:7:      minmay_general_purpose_star, layout_basic,
          mainiacjoe_overflow_cross_hatched, minmay_overflow_temple_star_quad,
          minmay_fractal_squares_gapless_5, uniq_maggie
D:8:      layout_gridville, nicolae_overflow_two_pavilions, enter_bailey_3
Temple:   nicolae_temple_slightly_damp_pantheon
Bailey:   bailey_polearm_enchanted_keep_hellmonk, bailey

Skill      XL: |  1  2  3  4  5  6  7  8  9 10 |
---------------+-------------------------------+-----
Stealth        | 1 2 3 4 6 7 8 11 13 14 | 14.4
Fighting       | 1 2 3 4 5 |  5.5
Hexes          | 4 |  4.0
Ranged Weapons | 3 4 5 6 7 9 |  9.8
Translocations | 3 |  3.6
Evocations     | 3 |  3.2
Dodging        | |  2.6
Spellcasting   | |  1.3

Action                   |  1- 3 |  4- 6 |  7- 9 | 10-12 || total
-------------------------+-------+-------+-------+-------++-------
 Fire: Sling             |   119 |   164 |   709 |       ||   992
       Shortbow          |       |       |    62 |   107 ||   169
 Cast: Slow              |       |     5 |    22 |     6 ||    33
  Use: Scroll            |     4 |     3 |     6 |     3 ||    16
       Potion            |       |       |     4 |     1 ||     5
Armor: Robe              |     2 |     5 |    24 |     1 ||    32
Dodge: Dodged            |    37 |    74 |   285 |    27 ||   423
